 Dungeon Crawl Stone Soup version 0.32-a0-612-g1c984fe9d1 (webtiles) character file.

Game seed: 17004449258835888132

52 ezpacito the Chopper (level 3, -3/29 HPs)
             Began as a Coglin Chaos Knight on Mar 4, 2024.
             Was a Plaything of Xom.
             Slain by Robin
             ... wielding a +0 trident
              (7 damage)
             ... on level 2 of the Dungeon.
             The game lasted 00:01:00 (773 turns).

ezpacito the Chopper (Coglin Chaos Knight)           Turns: 773, Time: 00:01:01

Health: -3/29      AC:  5    Str: 14    XL:     3   Next: 85%
Magic:  3/3        EV: 11    Int: 11    God:    Xom [..*...]
Gold:   49         SH:  0    Dex: 13    Spells: 2/2 levels left

rFire   . . .        a - +0 hand axe (chaos) {Ari}
rCold   . . .        d - +0 dagger {Adela}
rNeg    . . .        b - +2 leather armour
rPois   .            (no helmet)
rElec   .            (no cloak)
rCorr   .            (no gloves)
SInv    .            (no boots)
Will    .....        (amulet unavailable)
Stlth   +            (ring unavailable)
HPRegen 0.24/turn    (ring unavailable)
MPRegen 0.08/turn    (no gizmo)

%: no passive effects
@: revved
A: off-hand wielding, slow wielding, warmup strikes, no jewellery
a: Invent Gizmo, Renounce Religion


You were on level 2 of the Dungeon.
You worshipped Xom.
You were a toy of Xom.
You visited 1 branch of the dungeon, and saw 2 of its levels.

You collected 49 gold pieces.

Inventory:

Hand Weapons
 a - a +0 hand axe of chaos (weapon) {Ari}
 d - a +0 dagger (offhand) {Adela}
Armour
 b - a +2 leather armour (worn)
Scrolls
 c - a scroll of butterflies
 f - a scroll of revelation {unknown}
 h - a scroll of identify {unknown}
Potions
 e - a potion of cancellation {unknown}


   Skills:
 * Level 3.3 Fighting
 * Level 3.4 Axes
 + Level 0.5(2.0) Polearms
 * Level 2.0 Armour
 * Level 1.5 Dodging
 + Level 0.8 Stealth
 + Level 0.4 Spellcasting


You had 2 spell levels left.
You didn't know any spells.
Your spell library was empty.

Dungeon Overview and Level Annotations

Branches:
Dungeon (2/15)

Altars:

Annotations:
D:2 Robin


Innate Abilities, Weirdness & Mutations

You can wield a second weapon in your off-hand.
It takes a long time for you to wield or remove held weapons.
Your first few attacks do less damage.
You cannot equip rings or amulets.


Message History

You freeze the hobgoblin.
You kill the hobgoblin!
You hit the goblin with your +0 hand axe of chaos.
The goblin misses you.
You hit the kobold with your +0 dagger.
You kill the kobold!
You hit the goblin with your +0 hand axe of chaos.
Lightning courses through the goblin!
You kill the goblin!
Robin hits you from afar with a +0 trident.
You take 5 damage, and have 17/29 hp.
You barely miss the goblin with your +0 dagger.
You barely miss the goblin with your +0 hand axe of chaos.
The goblin hits you with a +0 dagger. Robin barely misses you.
Robin misses you. The goblin hits you with a +0 dagger.
You take 3 damage, and have 14/29 hp.
You hit the goblin with your +0 dagger.
You kill the goblin!
Robin barely misses you. Robin barely misses you.
Items here: ( )))) †††††.
Robin hits you with a +0 trident.
You take 5 damage, and have 10/29 hp.
You barely miss Robin with your +0 hand axe of chaos.
You hit Robin but do no damage. Robin hits you with a +0 trident!
* * * LOW HITPOINT WARNING * * *
You take 7 damage, and have 3/29 hp.
MASSIVE DAMAGE!!
You barely miss Robin with your +0 hand axe of chaos.
You hit Robin with your +0 dagger. Robin closely misses you.
You hit Robin but do no damage.
Robin is lightly wounded.
You hit Robin but do no damage.
Robin is poisoned.
Robin hits you but does no damage.
You hit Robin but do no damage.
Robin is lightly wounded.
You hit Robin with your +0 dagger.
Robin says, "Bow before me, strongest of all the hobgoblins!"
Robin hits you with a +0 trident!
You die...
Robin lets out a smug laugh.

#..#>.####...###...
##.#...>...........
. ..#####.#.......
###?#..####
#......# #)#.##.##
#.#####.#.#...#
#.....))#..#.#.#
#.....g@$....# #
...........###
#....)........#
#..............
#...........###
>.........#...
##..........###
#########.##


You could see Robin (very poisoned).

Vanquished Creatures
  A dart slug (D:1)
  A ribbon worm (D:2)
  2 ball pythons (D:1)
  2 endoplasms
  3 giant cockroaches
  9 goblins
  3 hobgoblins
  8 jackals (D:1)
  5 bats (D:1)
  2 kobolds
  4 rats (D:1)
40 creatures vanquished.

Notes
Turn   | Place    | Note
-------+----------+-------------------------------------------
     0 | D:1      | ezpacito the Coglin Chaos Knight began the quest for the
                  | Orb.
     0 | D:1      | Reached XP level 1. HP: 18/18 MP: 1/1
    87 | D:1      | Reached skill level 1 in Dodging
   161 | D:1      | Reached XP level 2. HP: 24/24 MP: 2/2
   242 | D:1      | XOM: silly message
   448 | D:1      | Reached XP level 3. HP: 28/29 MP: 3/3
   483 | D:1      | XOM: silly message
   555 | D:1      | Found a faded altar of an unknown god.
   752 | D:2      | Noticed Robin
   773 | D:2      | Slain by Robin

Illustrated notes

Levels and vault maps discovered:
D:1:      sevenhm_arrival_forest_fort_large_2, layout_loops_ring,
          dreamdust_ecumenical_altar_angels_and_demons,
          amcnicky_mini_rare_corridor_liquid
D:2:      layout_loops_ring, cheibrodos_gnoll_hut, uniq_robin

Skill      XL: |  1  2  3 |
---------------+----------+-----
Dodging        | 1 |  1.5
Armour         | 2 |  2.0
Fighting       | |  3.3
Axes           | |  3.4
Polearms       | |  0.5
Stealth        | |  0.8
Spellcasting   | |  0.4

Action                     || total
---------------------------++-------
  Melee: Dagger            ||    63
         Hand axe          ||    70
    Use: Potion            ||     1
   Stab: Sleeping          ||     1
 Armour: Leather armour    ||    59
  Dodge: Dodged            ||    48

Table legend: (Time is in decaauts)
 A = Elapsed time spent in this place.
 B = Non-inter-level travel time spent in this place.
 C = Inter-level travel time spent in this place.
 D = Time resting spent in this place.
 E = Time spent auto-exploring this place.
 F = Levels seen in this place.
 G = Mean time per level.
                   A        B        C        D        E       F      G
               +--------+--------+--------+--------+--------+-----+--------+
         Total |    778 |    762 |     16 |      0 |    571 |   2 |  389.0 |
       Dungeon |    778 |    762 |     16 |      0 |    571 |   2 |  389.0 |
               +--------+--------+--------+--------+--------+-----+--------+

Top non-repeatable levels by time:
     D:1: 687 daAuts
     D:2: 91 daAuts
